 Dungeon Sprint DCSS version 0.18-a0-29-gce27f3c (console) character file.

1000000 Kellhus the Imperceptible (level 15, -8/93 HPs)
             Began as a Vine Stalker Wanderer on Nov 4, 2015.
             Was a Believer of Makhleb.
             Mangled by a meat berserker
             ... wielding a +9 battleaxe
              (39 damage)
             ... in the Dungeon (Sprint VIII: "Arena of Blood").
             The game lasted 00:00:33 (10 turns).

Kellhus the Imperceptible (Vine Stalker Wanderer)     Turns: 10, Time: 00:00:34

Health: -8/93      AC:  2    Str: 16    XL:     15   Next: 18%
Magic:  0/38       EV: 25    Int: 13    God:    Makhleb [**....]
Gold:   0          SH:  0    Dex: 18    Spells: 0 memorised, 51 levels left

rFire  . . .     SeeInvis .     m - +∞ Axe of Woe
rCold  . . .     Clarity  .     d - +0 robe
rNeg   . . .     SustAt   .     (shield currently unavailable)
rPois  .         Gourm    .     (no helmet)
rElec  .         Spirit   +     (no cloak)
rCorr  .         Warding  .     (no gloves)
rMut   .         NoTele   +     (no boots)
MR     +....                    (no amulet)
Stlth  ++++++++..               (no ring)
                                (no ring)

@: somewhat resistant to hostile enchantments, extraordinarily stealthy
A: fangs 3, regeneration 3, magic shield, antimagic bite, no device heal 3, rot
immunity
a: Minor Destruction, Renounce Religion


You were in the Dungeon.
You worshipped Makhleb.
Makhleb was pleased with you.
You were not hungry.

You visited 1 branch

Inventory:

Hand Weapons
 a - a +2 falchion
 e - a +0 dagger
 m - the +∞ Axe of Woe (weapon)
   (You found it in the Dungeon)
Armour
 d - a +0 robe (worn)
Scrolls
 l - a scroll of blinking
Potions
 g - a potion of curing
 h - a potion of heal wounds
 i - a potion of haste
 j - 2 potions of magic
 k - a potion of berserk rage
Books
 b - the Volume of Orientation

   Spells                             Type                      Level
   a - Apportation                    Translocation                1
   b - Shroud of Golubria             Charms/Translocation         2
 c - the Handbook of Enchantment

   Spells                             Type                      Level
   a - Corona                         Hexes                        1
   b - Tukima's Dance                 Hexes                        3
Comestibles
 f - a bread ration


   Skills:
 + Level 17.2 Fighting
 + Level 17.2 Long Blades
 + Level 16.0 Dodging
 + Level 22.9 Stealth
 + Level 18.5 Spellcasting
   Level 1.0 Charms
   Level 3.0 Transmutations


You had 51 spell levels left.
You didn't know any spells.

Dungeon Overview and Level Annotations

Branches:
Dungeon (1/1)

Altars:
Makhleb


Innate Abilities, Weirdness & Mutations

You have razor-sharp teeth.
You regenerate.
When hurt, damage is shared between your health and your magic reserves.
Your bite disrupts and absorbs the magic of your enemies.
Potions and wands cannot restore your health.
You are immune to rotting.


Message History

Makhleb accepts your kill.
You can now harness Makhleb's destructive might.
You feel better.
Your Fighting skill increases to level 17!
Your Long Blades skill increases to level 17!
Your Dodging skill increases to level 16!
Your Stealth skill increases to level 22!
Your Spellcasting skill increases to level 18!
You have reached level 15!
Your experience leads to an increase in your attributes!
Increase (S)trength, (I)ntelligence, or (D)exterity?
You feel agile.
You hear a shout! x7
The meat berserker hits you with a +9 battleaxe!!!
Ouch! That really hurt!
You hear a shout! x8
The meat berserker closely misses you.
You hear a shout!
The meat berserker hits you with a +9 battleaxe!!!
You die...

#.. ..# #.. ..#
.###.. ..###.
......###......
....._..... .
#.....# ...
#_.<._# .
.....#..O..#.o..
......)@O.......
......)###......
..###.. ..###.
#.. ..# #.. .#
... .o .... ..
....


You could see 2 meat berserkers and a bag of meat (wandering).

Vanquished Creatures
  An ogre (D)
  3 orcs (D)
4 creatures vanquished.

Notes
Turn   | Place    | Note
--------------------------------------------------------------
     0 | D        | Kellhus the Vine Stalker Wanderer began the quest for the Orb.
     0 | D        | Kellhus set off with: a +2 falchion, the Volume of Orientation, the Handbook of Enchantment, a +0 robe, a +0 dagger, a bread ration, a potion of curing, a potion of heal wounds, a potion of haste, 2 potions of magic, a potion of berserk rage, a scroll of blinking
     0 | D        | Reached XP level 1. HP: 10/10 MP: 3/3
     3 | D        | Noticed a bag of meat
     4 | D        | Noticed a bag of meat
     4 | D        | Became a worshipper of Makhleb the Destroyer
     6 | D        | Noticed a bag of meat
     6 | D        | Noticed a meat berserker
     6 | D        | Killed a meat berserker
     6 | D        | Reached skill level 14 in Fighting
     6 | D        | Reached skill level 19 in Stealth
     6 | D        | Reached skill level 15 in Spellcasting
     6 | D        | Reached XP level 2. HP: 12/29 MP: 3/19
     6 | D        | Reached XP level 3. HP: 13/33 MP: 3/20
     6 | D        | Reached XP level 4. HP: 14/38 MP: 3/22
     6 | D        | Reached XP level 5. HP: 15/42 MP: 3/23
     6 | D        | Gained mutation: You heal very quickly. [Vine Stalker growth]
     6 | D        | Reached XP level 6. HP: 16/47 MP: 3/25
     6 | D        | Reached XP level 7. HP: 17/51 MP: 3/26
     6 | D        | Gained mutation: You have razor-sharp teeth. [Vine Stalker growth]
     6 | D        | Reached XP level 8. HP: 18/56 MP: 3/28
     6 | D        | Reached XP level 9. HP: 19/60 MP: 3/29
     6 | D        | Reached XP level 10. HP: 20/65 MP: 3/30
     6 | D        | Reached XP level 11. HP: 21/70 MP: 3/31
     6 | D        | Gained mutation: You regenerate. [Vine Stalker growth]
     6 | D        | Reached XP level 12. HP: 22/74 MP: 3/32
     6 | D        | Reached XP level 13. HP: 23/79 MP: 3/33
     8 | D        | Killed a bag of meat
     8 | D        | Reached * piety under Makhleb
     8 | D        | Reached skill level 15 in Fighting
     8 | D        | Reached skill level 15 in Long Blades
     8 | D        | Reached skill level 20 in Stealth
     8 | D        | Reached XP level 14. HP: 26/86 MP: 3/35
     9 | D        | Noticed a meat berserker
     9 | D        | Noticed a meat berserker
     9 | D        | Killed a bag of meat
     9 | D        | Reached skill level 15 in Dodging
     9 | D        | Reached skill level 21 in Stealth
    10 | D        | Killed a bag of meat
    10 | D        | Reached ** piety under Makhleb
    10 | D        | Reached skill level 22 in Stealth
    10 | D        | Reached XP level 15. HP: 91/93 MP: 4/38
    10 | D        | Mangled by a meat berserker

Vault maps used:
D:        meatsprint

Action                   |  1- 3 |  4- 6 |  7- 9 | 10-12 | 13-15 || total
-------------------------+-------+-------+-------+-------+-------++-------
Melee: Executioner's axe |     1 |       |       |       |     3 ||     4
